 Dungeon Crawl Stone Soup version 0.31-a0-232-gb1c03b2570 (webtiles) character file.

Game seed: 15295198056053246718

105 Morbidden the Conjurer (level 4, -1/35 HPs)
             Began as a Draconian Conjurer on July 7, 2023.
             Succumbed to an orc's poison
             ... on level 3 of the Dungeon.
             The game lasted 00:03:04 (2744 turns).

Morbidden the Conjurer (Draconian Conjurer)         Turns: 2744, Time: 00:03:04

Health: -1/35      AC:  6    Str:  9    XL:     4   Next: 54%
Magic:  0/7        EV: 12    Int: 21    God:
Gold:   208        SH:  0    Dex:  9    Spells: 5/8 levels left

rFire   . .          .
                       - Unarmed
rCold   . . .        (no shield)
rNeg    . . .        (body armour unavailable)
rPois   +            (helmet restricted)
rElec   .            c - +0 cloak
rCorr   .            (no gloves)
SInv    .            (no boots)
Will    .....        (no amulet)
Stlth   ++           b - ring of poison resistance
HPRegen 0.25/turn    (no ring)
MPRegen 0.10/turn

%: no passive effects
@: brilliant, lethally poisoned (-1 -> -13)
A: AC +5, unfitting armour, cold-blooded
a: no special abilities


You were on level 3 of the Dungeon.
You visited 1 branch of the dungeon, and saw 3 of its levels.

You collected 208 gold pieces.

Inventory:

Hand Weapons
 a - a +0 dagger of flaming
Missiles
 f - 2 boomerangs
Armour
 c - a +0 cloak (worn)
Jewellery
 b - a ring of poison resistance (left hand)
Scrolls
 d - 3 scrolls of revelation {unknown}
 e - a scroll of silence {unknown}
 h - a scroll of fog {unknown}
 i - a scroll of enchant armour {unknown}
 j - 2 scrolls of identify {unknown}
 k - a scroll of vulnerability {unknown}
 m - a scroll of noise {unknown}


   Skills:
 * Level 1.3 Fighting
 * Level 2.1 Dodging
 + Level 1.9 Stealth
 * Level 1.3 Unarmed Combat
 * Level 2.6 Spellcasting
 * Level 4.9 Conjurations


You had 5 spell levels left.
You knew the following spells:

 Your Spells              Type           Power      Damage    Failure   Level
a - Magic Dart            Conj           100%       1d8       1%          1
b - Searing Ray           Conj           70%        2d7       2%          2

Your spell library contained the following spells:

 Spells                   Type           Power      Damage    Failure   Level
 Dazzling Flash           Conj/Hex       38%        N/A       16%         3
 Sublimation of Blood     Necr           4%         N/A       22%         2
 Wereblood                Tmut           4%         N/A       22%         2
 Call Canine Familiar     Summ           4%         N/A       38%         3
 Gell's Gravitas          Tloc           4%         N/A       38%         3
 Portal Projectile        Hex/Tloc       8%         N/A       38%         3
 Teleport Other           Tloc           4%         N/A       38%         3
 Fulminant Prism          Conj/Hex       9%         3d7       45%         4
 Iskenderun's Mystic Bla  Conj/Tloc      19%        2d6       45%         4
 Leda's Liquefaction      Hex/Erth       2%         N/A       80%         4
 Dispersal                Tloc           2%         N/A       100%        6
 Summon Hydra             Summ           2%         N/A       100%        7


Dungeon Overview and Level Annotations

Branches:
Dungeon (3/15)

Altars:
Fedhas


Innate Abilities, Weirdness & Mutations

Your plain brown scales are hard. (AC +5)
You cannot fit into any form of body armour.
You are cold-blooded and may be slowed by cold attacks.


Message History

Unknown command.
Casting: Magic Dart (safe; 1% risk of failure)
Confirm with . or Enter, or press ? or * to list all spells.
Aiming: Magic Dart (safe; 1% risk of failure)
Press: ? - help, Shift-Dir - straight line, f - orc wizard
Aim: an orc wizard, wielding a +0 dagger and wearing a +0 robe (moderately wounded, 100% to hit)
The magic dart hits the orc wizard.
The orc wizard is moderately wounded.
The orc wizard gestures at you while chanting.
The puff of flame hits you. The orc barely misses you.
It was a potion of brilliance.
You feel clever all of a sudden.
The orc wizard gestures at you while chanting.
The magic dart hits you!
The orc hits you with a +1 morningstar of venom!
* * * LOW HITPOINT WARNING * * *
Unknown command.
Unknown command.
Casting: Magic Dart (safe; 1% risk of failure)
Confirm with . or Enter, or press ? or * to list all spells.
Aiming: Magic Dart (safe; 1% risk of failure)
Press: ? - help, Shift-Dir - straight line, f/p - orc wizard
Aim: an orc wizard, wielding a +0 dagger and wearing a +0 robe (moderately wounded, 100% to hit)
You feel a surge of power!
The magic dart hits the orc wizard.
The orc wizard is heavily wounded.
The orc wizard hits you but does no damage.
The orc barely misses you.
Unknown command.
Unknown command.
You closely miss the orc wizard.
Your tail-slap misses the orc wizard.
The orc wizard is heavily wounded.
The orc wizard closely misses you.
The orc hits you with a +1 morningstar of venom.
* * * LOW HITPOINT WARNING * * *
You are lethally poisoned!
Unknown command.
Unknown command.
You closely miss the orc wizard.
The orc wizard is heavily wounded.
You die...

#....####.......##..........##.#
#....# #.......##....###'####.#
#....####.......##....# #..# #.#
#####.............########.###.#
#............. ..........#..
#.....########+####....#[#.#
#.....#####.......#......>.#
#.........#.......####.###.#
#########.#@[.~)..# ...# #..
#.oo.~~~..+.#### ### ###..[~...#
#.......# #.......# ####+####


You could see an orc wizard and an orc.

Vanquished Creatures
  A scorpion (D:3)
  A dart slug (D:1)
  An orc (D:3)
  5 ball pythons
  4 endoplasms
  3 giant cockroaches
  6 goblins
  4 jackals (D:2)
  2 quokkas (D:1)
  5 bats
  A frilled lizard (D:1)
  4 kobolds
  4 rats
41 creatures vanquished.

Vanquished Creatures (others)
  An orc (D:3)
1 creature vanquished.

Grand Total: 42 creatures vanquished

Notes
Turn   | Place    | Note
-------+----------+-------------------------------------------
     0 | D:1      | Morbidden the Draconian Conjurer began the quest for the
                  | Orb.
     0 | D:1      | Reached XP level 1. HP: 14/14 MP: 3/3
   670 | D:1      | Reached XP level 2. HP: 20/20 MP: 1/5
   673 | D:1      | Learned a level 2 spell: Searing Ray
  1241 | D:1      | Found a faded altar of an unknown god.
  1422 | D:2      | Reached skill level 1 in Unarmed Combat
  1568 | D:2      | Reached XP level 3. HP: 27/27 MP: 3/6
  1623 | D:2      | Reached skill level 1 in Fighting
  2172 | D:3      | Found a blossoming altar of Fedhas.
  2365 | D:3      | Noticed a scorpion
  2379 | D:3      | Killed a scorpion
  2380 | D:3      | Reached XP level 4. HP: 18/35 MP: 3/7
  2744 | D:3      | Succumbed to an orc's poison

Illustrated notes

Levels and vault maps discovered:
D:1:      dpeg_arrival_concentric_ovals, layout_rooms,
          dreamdust_ecumenical_altar_hidden_monk_grotto
D:2:      layout_loops_cross, kennysheep_pointless_box
D:3:      layout_basic, fedhas_altar_1, kennysheep_generic_room_8

Skill      XL: |  1  2  3 |
---------------+----------+-----
Unarmed Combat | 1 |  1.3
Fighting       | 1 |  1.3
Dodging        | 2 |  2.1
Stealth        | |  1.9
Spellcasting   | |  2.6
Conjurations   | |  4.9

Action                     |  1- 3 |  4- 6 || total
---------------------------+-------+-------++-------
  Melee: Unarmed           |    53 |    20 ||    73
         Tailslap          |     3 |       ||     3
   Cast: Magic Dart        |    75 |     8 ||    83
         Searing Ray       |     2 |     1 ||     3
    Use: Potion            |     3 |     4 ||     7
 Armour: Skin              |    22 |    17 ||    39
  Dodge: Dodged            |    45 |    31 ||    76

Table legend: (Time is in decaauts)
 A = Elapsed time spent in this place.
 B = Non-inter-level travel time spent in this place.
 C = Inter-level travel time spent in this place.
 D = Time resting spent in this place.
 E = Time spent auto-exploring this place.
 F = Levels seen in this place.
 G = Mean time per level.
                   A        B        C        D        E       F      G
               +--------+--------+--------+--------+--------+-----+--------+
         Total |   2741 |   2651 |     90 |    531 |   1790 |   3 |  913.7 |
       Dungeon |   2741 |   2651 |     90 |    531 |   1790 |   3 |  913.7 |
               +--------+--------+--------+--------+--------+-----+--------+

Top non-repeatable levels by time:
     D:1: 1292 daAuts
     D:2: 826 daAuts
     D:3: 621 daAuts
